 Dungeon Crawl Stone Soup version 0.18.1-48-g4cf74bf (webtiles) character file.

11691 Alarkh the Spear-Bearer (level 11, -5/84 HPs)
             Began as a Mummy Skald on July 20, 2016.
             Was an Initiate of Gozag.
             Slain by a spriggan rider
             ... wielding a +0 spear
              (14 damage)
             ... on level 2 of the Lair of Beasts.
             The game lasted 00:28:07 (13366 turns).

Alarkh the Spear-Bearer (Mummy Skald)              Turns: 13366, Time: 00:28:07

Health: -5/84      AC:  8    Str: 15    XL:     11   Next: 52%
Magic:  11/14      EV: 22    Int: 15    God:    Gozag
Gold:   741        SH:  0    Dex: 20    Spells: 3 memorised, 8 levels left

rFire  + . .     SeeInvis +     b - +1 halberd "Qiwaj" {flame, *Rage +Blink +Fly Stlth+}
rCold  . . .     Gourm    .     f - +0 robe "Ciodox" {rF+ Dex+3}
rNeg   + + +     Faith    .     (shield currently unavailable)
rPois  ∞         Spirit   .     u - +2 hat {SInv}
rElec  .         Dismiss  .     o - +2 cloak
rCorr  .         Reflect  .     i - +0 pair of gloves
SustAt .         Harm     .     (no boots)
MR     +....                    (no amulet)
Stlth  ++++......               j - ring of fire
                                p - ring of wizardry

@: agile, gold aura, flying, very slightly contaminated, invisible, somewhat
resistant to hostile enchantments, stealthy
A: no food or potions, fire vulnerability, cold resistance 1, negative energy
resistance 3, torment resistance, unbreathing
a: Potion Petition, Call Merchant, Bribe Branch, Renounce Religion, Evoke Blink


You were on level 2 of the Lair of Beasts.
You worshipped Gozag.
Gozag was noncommittal.
You were not hungry.

You visited 3 branches of the dungeon, and saw 13 of its levels.
You also visited: Volcano.

You collected 1572 gold pieces.
You paid 831 gold pieces to Gozag.

Inventory:

Hand Weapons
 a - a +4 halberd of flaming
 b - the +1 halberd "Qiwaj" (weapon) {flame, *Rage +Blink +Fly Stlth+}
   (You acquired it on level 2 of the Lair of Beasts)

   It has been specially enchanted to burn those struck by it, causing extra
   injury to most foes and up to half again as much damage against particularly
   susceptible opponents.
   Big, fiery blades are also staple armaments of hydra-hunters.
   It lets you fly.
   It lets you blink.
   It may make you go berserk in combat.
   It makes you more stealthy.
 v - a +0 trident
 x - a +3 trident of flaming
Armour
 f - the +0 robe "Ciodox" (worn) {rF+ Dex+3}
   (You found it on level 5 of the Dungeon)

   It affects your dexterity (+3).
   It protects you from fire.
 i - a +0 pair of gloves (worn)
 o - a +2 cloak (worn)
 s - a +2 shield
 u - a +2 hat of see invisible (worn)
Magical Staves
 e - an uncursed staff of death
Jewellery
 j - a ring of fire (right hand)
 p - a ring of wizardry (left hand)
Wands
 n - a wand of lightning (5/15)
 q - a wand of teleportation (0/9)
 r - a wand of teleportation (4/9)
 w - a wand of iceblast (7/15)
 y - a wand of disintegration (11/24)
Scrolls
 g - 2 scrolls of amnesia
 h - 4 scrolls of remove curse
 k - a scroll of enchant weapon
 l - 3 scrolls of recharging
 m - 5 scrolls of enchant armour
 t - 2 scrolls of random uselessness
Books
 c - a book of Battle

   Spells                             Type                      Level
   a - Infusion                       Charms                       1
   b - Shroud of Golubria             Charms/Translocation         2
   c - Song of Slaying                Charms                       2
   d - Spectral Weapon                Hexes/Charms                 3
   e - Regeneration                   Charms/Necromancy            3


   Skills:
 + Level 7.3 Fighting
 * Level 12.8 Polearms
 - Level 0.7 Armour
 + Level 5.9 Dodging
 - Level 2.0 Spellcasting
 - Level 2.4 Charms


You had 8 spell levels left.
You knew the following spells:

 Your Spells              Type           Power        Failure   Level  Hunger
a - Spectral Weapon       Hex/Chrm       #.......     19%         3    N/A
c - Infusion              Chrm           #...         4%          1    N/A
e - Shroud of Golubria    Chrm/Tloc      #.........   9%          2    N/A

Dungeon Overview and Level Annotations

Branches:
Dungeon (10/15)            Temple (1/1) D:6            Lair (2/8) D:8
    Orc: D:9-12

Altars:
Ashenzari
Cheibriados
Dithmenos
Elyvilon
Fedhas
Gozag
Kikubaaqudgha
Makhleb
Nemelex Xobeh
Okawaru
Pakellas
Qazlal
Ru
Sif Muna
Trog
Vehumet
Xom
Yredelemnul
Zin
The Shining One

Shops:
Lair:1 (


Innate Abilities, Weirdness & Mutations

You do not eat or drink.
Your flesh is vulnerable to fire.
You are immune to poison.
Your flesh is cold resistant.
You are immune to negative energy.
You are immune to unholy pain and torment.
You can survive without breathing.


Message History

Your spectral weapon closely misses the spriggan rider.
The spriggan rider blocks your attack.
The spriggan rider is lightly wounded.
Your spectral weapon misses the spriggan rider.
The spriggan rider hits you with a spear!
* * * LOW HITPOINT WARNING * * *
You closely miss the spriggan rider.
The spriggan rider is lightly wounded.
The spriggan rider blocks your spectral weapon's attack.
The spriggan rider misses you.
The spriggan rider hits you from afar with a spear!
* * * LOW HITPOINT WARNING * * *
Read which item? (? for menu, Esc to quit)
Okay, then.
Read which item? (? for menu, Esc to quit)
As you read the scroll of summoning, it crumbles to dust.
Wisps of shadow whirl around you...
The spriggan rider hits you from afar with a spear!
You die...
Your body crumbles into a pile of gold.

P.... .(.## ##....⌠..
#.... #P..# #.......
....## #...# ####.<..
#....##... #####
#........# ##....
##...###.# ##.....
#.#...(i#.### #.#....
.......$.S..### ##..##.
##....#.@##.#.##
##......
##..........#.###....#.#
###..#t.............###
#..###.#.P###.P#..#.##
##. ##..## ######.## #.
....# ### # ####.. ####


You could see a spriggan rider, a friendly water moccasin, a friendly crocodile
and a friendly spectral halberd "Qiwaj" {flame, *Rage +Blink +Fly Stlth+}.

Vanquished Creatures
  Gastronok (D:8)
  Erolcha (D:8)
  Erica (D:8)
  A lindwurm (Lair:2)
  Pikel (D:6)
  Joseph (D:8)
  A spiny frog (Lair:1)
  A gargoyle (D:6)
  A guardian mummy (Volcano)
  A minotaur skeleton (Volcano)
  A two-headed ogre (D:9)
  2 flying skulls (Volcano)
  Sigmund (D:4)
  A yak (D:8)
  A hippogriff (Lair:1)
  A hungry ghost (D:7)
  3 hill giant skeletons (Volcano)
  Edmund (D:4)
  4 water moccasins
  A merfolk skeleton (Volcano)
  5 porcupines
  A sky beast (D:9)
  3 ice beasts
  2 phantoms
  2 ogres
  2 necrophages
  5 centaurs
  3 crocodiles
  4 giant frogs
  4 scorpions
  2 spriggan skeletons (Volcano)
  4 killer bees
  A howler monkey (D:9)
  2 crimson imps
  8 orc priests
  3 hounds
  A centaur skeleton (D:4)
  2 giant frog skeletons (D:4)
  6 orc wizards
  Jessica (D:2)
  3 iguanas
  2 two-headed ogre skeletons (Volcano)
  Natasha (thrice) (D:2)
  7 worker ants
  A killer bee zombie (D:8)
  8 sheep (Lair:2)
  3 ogre skeletons (Volcano)
  2 hound skeletons
  4 mummies (Volcano)
  A worker ant zombie (D:9)
  12 adders
  3 gnolls (D:7)
  A howler monkey skeleton (D:5)
  7 river rats
  2 oozes (D:2)
  2 adder skeletons (D:4)
  A worm (D:2)
  5 dart slugs
  5 giant geckos
  36 orcs
  10 bats
  6 giant cockroaches
  10 goblins
  12 hobgoblins
  8 jackals
  3 quokkas
  A ball python (D:4)
  11 giant newts
  4 kobolds
  A quokka zombie (D:7)
  9 rats
  A butterfly (D:6)
271 creatures vanquished.

Vanquished Creatures (others)
  An ooze (D:6)
  A giant gecko (D:6)
  A bush (Lair:2)
  4 fungi
  5 plants
  11 spectral weapons
23 creatures vanquished.

Grand Total: 294 creatures vanquished

Notes
Turn   | Place    | Note
--------------------------------------------------------------
     0 | D:1      | Alarkh the Mummy Skald began the quest for the Orb.
     0 | D:1      | Reached XP level 1. HP: 16/16 MP: 3/3
    46 | D:1      | Reached skill level 2 in Polearms
    86 | D:1      | Reached XP level 2. HP: 7/22 MP: 1/5
   562 | D:1      | Reached XP level 3. HP: 27/27 MP: 3/6
   566 | D:1      | Learned a level 2 spell: Shroud of Golubria
   570 | D:1      | Learned a level 3 spell: Spectral Weapon
   603 | D:2      | Reached skill level 3 in Polearms
   690 | D:2      | Noticed Natasha
   705 | D:2      | Killed Natasha
  1015 | D:2      | Reached XP level 4. HP: 33/33 MP: 2/7
  1044 | D:2      | Noticed Jessica
  1058 | D:2      | Killed Jessica
  1096 | D:2      | Reached skill level 4 in Polearms
  1249 | D:2      | Noticed Natasha
  1668 | D:2      | Killed Natasha
  1668 | D:2      | Reached XP level 5. HP: 3/38 MP: 6/8
  1858 | D:2      | Noticed Natasha
  1888 | D:2      | Killed Natasha
  2563 | D:3      | Reached skill level 5 in Polearms
  2957 | D:4      | Reached XP level 6. HP: 26/44 MP: 0/9
  3002 | D:5      | Entered Level 5 of the Dungeon
  3578 | D:4      | Reached skill level 6 in Polearms
  4035 | D:4      | Reached XP level 7. HP: 43/50 MP: 4/10
  4099 | D:4      | Noticed Edmund
  4392 | D:4      | Noticed Sigmund
  4481 | D:4      | Killed Sigmund
  4481 | D:4      | Reached skill level 7 in Polearms
  4670 | D:4      | Killed Edmund
  4734 | D:5      | Got a creamy pearl robe
  4746 | D:5      | Identified the cursed +0 robe "Ciodox" {rF+ Dex+3} (You found it on level 5 of the Dungeon)
  4940 | D:5      | Reached XP level 8. HP: 49/56 MP: 7/11
  5069 | D:5      | Reached skill level 8 in Polearms
  5124 | D:5      | Found a glowing golden altar of the Shining One.
  5299 | D:6      | Found a runed door.
  5390 | D:6      | Found a blossoming altar of Fedhas.
  5713 | D:6      | Noticed a gargoyle
  5789 | D:6      | Noticed Pikel
  5808 | D:6      | Killed Pikel
  5808 | D:6      | Reached skill level 9 in Polearms
  5818 | D:6      | Found a staircase to the Ecumenical Temple.
  5827 | Temple   | Entered the Ecumenical Temple
  6230 | D:6      | Found a runed door.
  6551 | D:6      | Killed a gargoyle
  6551 | D:6      | Reached skill level 10 in Polearms
  6551 | D:6      | Reached XP level 9. HP: 15/61 MP: 0/12
  6785 | D:6      | Reached skill level 1 in Dodging
  7360 | D:7      | Found a bloodstained altar of Trog.
  7360 | D:7      | Found a shadowy altar of Dithmenos.
  7544 | D:7      | Found an ancient bone altar of Kikubaaqudgha.
  7544 | D:7      | Found an opulent altar of Gozag.
  7547 | D:7      | Became a worshipper of Gozag Ym Sagoz the Greedy
  8027 | D:7      | Reached skill level 11 in Polearms
  8085 | D:8      | Found a staircase to the Lair.
  8153 | D:8      | Reached XP level 10. HP: 66/72 MP: 5/13
  8168 | D:8      | Noticed Joseph
  8279 | D:8      | Killed Joseph
  8354 | D:8      | Noticed Gastronok
  8377 | Lair:1   | Entered Level 1 of the Lair of Beasts
  8988 | Lair:1   | Noticed a spiny frog
  9004 | Lair:1   | Killed a spiny frog
  9004 | Lair:1   | Reached skill level 5 in Fighting
  9065 | Lair:1   | Noticed an eight-headed hydra
  9698 | D:10     | Entered Level 10 of the Dungeon
 10674 | D:8      | Killed Gastronok
 10674 | D:8      | Reached skill level 12 in Polearms
 10674 | D:8      | Reached skill level 5 in Dodging
 10888 | D:8      | Noticed Erica
 10892 | D:8      | Found a shadowy altar of Dithmenos.
 10943 | D:8      | Killed Erica
 10943 | D:8      | Reached XP level 11. HP: 45/82 MP: 3/14
 11127 | D:8      | Found a blossoming altar of Fedhas.
 11298 | D:8      | Noticed Erolcha
 11314 | D:8      | Killed Erolcha
 11703 | Lair:2   | Identified a scroll of acquirement
 11704 | Lair:2   | Got a scorched halberd
 11705 | Lair:2   | Identified the +1 halberd "Qiwaj" {flame, *Rage +Blink +Fly Stlth+} (You acquired it on level 2 of the Lair of Beasts)
 11771 | Lair:2   | Found a dark tunnel.
 11772 | Lair:2   | Noticed a lindwurm
 11783 | Lair:2   | Killed a lindwurm
 11838 | Volcano  | Entered a volcano
 11992 | Volcano  | HP: 2/83 [minotaur skeleton (4)]
 12857 | Lair:2   | Noticed a spriggan rider
 13366 | Lair:2   | Slain by a spriggan rider

Skill      XL: |  1  2  3  4  5  6  7  8  9 10 11 |
---------------+----------------------------------+-----
Polearms       | 2 3 4 5 6 7 10 11 12 | 12.8
Dodging        | 3 5 |  5.9
Fighting       | 4 6 7 |  7.3
Armour         | |  0.7
Spellcasting   | |  2.0
Charms         | |  2.4

Action                   |  1- 3 |  4- 6 |  7- 9 | 10-12 || total
-------------------------+-------+-------+-------+-------++-------
Melee: Spear             |   107 |   182 |       |       ||   289
       Trident           |       |   121 |   350 |   248 ||   719
       Halberd           |       |       |       |   111 ||   111
 Cast: Infusion          |    15 |    44 |    25 |     5 ||    89
       Shroud of Golubri |       |     3 |     8 |    17 ||    28
       Spectral Weapon   |       |       |    28 |    57 ||    85
Invok: Potion Petition   |       |       |       |     1 ||     1
       Call Merchant     |       |       |       |     1 ||     1
 Abil: Evoke Flight      |       |       |       |     2 ||     2
Evoke: Wand              |       |       |       |     6 ||     6
  Use: Scroll            |       |     8 |     4 |     9 ||    21
 Stab: Distracted        |       |       |     1 |     6 ||     7
       Sleeping          |       |       |     2 |     1 ||     3
Armor: Leather armour    |    15 |    67 |     6 |       ||    88
       Robe              |       |       |    55 |    42 ||    97
Dodge: Dodged            |    41 |   133 |   148 |   154 ||   476
